 Dungeon Crawl Stone Soup version 0.26.1-11-gd32895ea62 (webtiles) character file.

Game seed: 6972376647578866149

124339 nothank2 the Fencer (level 16, -1/151 HPs)
             Began as a Minotaur Berserker on June 13, 2021.
             Was the Champion of Trog.
             Slain by a sixfirhy (10 damage)
             ... summoned by an orc sorcerer
             ... on level 2 of the Orcish Mines.
             The game lasted 01:42:04 (24255 turns).

nothank2 the Fencer (Minotaur Berserker)           Turns: 24255, Time: 01:42:08

Health: -1/151     AC: 36    Str: 24    XL:     16   Next: 39%
Magic:  15/15      EV: 10    Int:  4    God:    Trog [******]
Gold:   625        SH: 16    Dex: 13    Spells: 15/15 levels left

rFire    + + .     SeeInvis .   I - +8 demon blade "Leech" {vamp, *Rage +Rage rN+}
rCold    + + +     Faith    +   N - +2 shield of Resistance {rF++ rC++ Will++}
rNeg     + . .     Spirit   .   r - +10 plate armour {rC+}
rPois    +         Reflect  .   k - +2 hat
rElec    .         Harm     .   H - +0 cloak
rCorr    +         Rampage  .   x - +2 pair of gloves
Will     +++..     Rnd*Rage +   C - +0 pair of boots
Stlth    ..........             a - amulet of faith
HPRegen  0.35/turn              v - ring "Uppen" {rPois Str-4 Dex+4 Stlth+}
MPRegen  0.14/turn              u - ring of resist corrosion

@: about to teleport, berserk cooldown, slowed, very slow
A: retaliatory headbutt, horns 2, clumsy 1, deterioration 1
a: Renounce Religion, Evoke Berserk Rage, Berserk, Trog's Hand, Brothers in Arms


You were on level 2 of the Orcish Mines.
You worshipped Trog.
Trog was exalted by your worship.
You visited 4 branches of the dungeon, and saw 28 of its levels.
You also visited: Ossuary, Bailey and Gauntlet.

You collected 2382 gold pieces.
You spent 1757 gold pieces at shops.

Inventory:

Hand Weapons
 e - a +4 antimagic rapier
 g - a +6 scimitar of flaming
 A - a +6 scimitar of flaming
 I - the +8 demon blade "Leech" (weapon) {vamp, *Rage +Rage rN+}
   (You found it on level 5 of the Dungeon)

   It inflicts no extra harm, but heals its wielder when it wounds a living foe.
   It protects you from negative energy.
   It lets you go berserk.
   It may make you go berserk in combat.
 Q - the +3 quick blade "Wonuliru" {antimagic, rC+ Str+2 Dex+2}
   (Trog gifted it to you on level 5 of the Lair of Beasts)

   It reduces the magical energy of the wielder, and disrupts the spells and
   magical abilities of those hit.
   Natural abilities and divine invocations are not affected.
   It affects your strength (+2).
   It affects your dexterity (+2).
   It protects you from cold.
Missiles
 B - 23 boomerangs (quivered)
Armour
 k - a +2 hat (worn)
 m - a +2 leather armour of fire resistance
 r - a +10 plate armour of cold resistance (worn)
 x - a +2 pair of gloves (worn)
 C - a +0 pair of boots (worn)
 H - a +0 cloak (worn)
 N - the +2 shield of Resistance (worn) {rF++ rC++ Will++}
   (You found it on level 9 of the Dungeon)

   It greatly protects you from fire.
   It greatly protects you from cold.
   It affects your willpower, your defense against some magical effects.
Jewellery
 a - an amulet of faith (around neck)
 j - a +6 ring of strength
 o - a +6 ring of dexterity
 u - a ring of resist corrosion (right hand)
 v - the ring "Uppen" (left hand) {rPois Str-4 Dex+4 Stlth+}
   (You found it on level 13 of the Dungeon)

   [ring of poison resistance]

   It affects your strength (-4).
   It affects your dexterity (+4).
   It protects you from poison.
   It makes you more stealthy.
 L - an uncursed ring of positive energy
 M - the ring "Axzysog" {rN+ Slay+3}
   (You took it off a deep elf archer on level 13 of the Dungeon)

   [ring of positive energy]

   It affects your accuracy and damage with ranged weapons and melee attacks
   (+3).
   It protects you from negative energy.
Wands
 b - a wand of disintegration (45)
 p - a wand of flame (46)
 O - a wand of iceblast (13)
 T - a wand of paralysis (7)
Scrolls
 l - a scroll of fear
 n - 8 scrolls of remove curse
 q - 3 scrolls of magic mapping
 t - 5 scrolls of blinking
 y - 10 scrolls of teleportation
 X - a scroll of holy word
Potions
 c - 6 potions of haste
 d - 8 potions of curing
 f - a potion of ambrosia
 i - 3 potions of resistance
 s - a potion of invisibility
 z - a potion of heal wounds
 K - 4 potions of might
Miscellaneous
 G - a box of beasts
 R - a tin of tremorstones (2/2)
 S - a phial of floods
 W - a lightning rod (4/4)


   Skills:
 + Level 16.0 Fighting
 - Level 2.0(11.8) Short Blades
 + Level 18.5(18.6) Long Blades
 * Level 7.5 Throwing
 + Level 15.2 Armour
 * Level 5.8 Dodging
 - Level 16.0 Shields
 - Level 0.3 Evocations


You had 15 spell levels left.
You didn't know any spells.
Your spell library was empty.

Dungeon Overview and Level Annotations

Branches:
Dungeon (15/15)            Temple (0/1) D:4            Lair (6/6) D:11
  Swamp (0/4) Lair:2       Spider (0/4) Lair:2        Slime (5/5) Lair:6
    Orc (2/2) D:11            Elf (0/3) Orc:2        Vaults (0/5) D:14
 Depths (0/5) D:15        Ossuary (visited)          Bailey (visited)
Gauntlet (visited)

Altars:
Ashenzari
Cheibriados
Fedhas
Makhleb
Okawaru
Ru
Trog
Zin
The Shining One
Jiyva

Shops:
D:9 }*   D:13 =[([=   D:14 *[?   D:15 ??[}=


Innate Abilities, Weirdness & Mutations

You reflexively headbutt those who attack you in melee.
You have a pair of horns on your head.
You are clumsy. (Dex -2)
Your body sometimes deteriorates upon taking damage.


Message History

* * * LOW HITPOINT WARNING * * *
The sixfirhy shocks you!
* * * LOW HITPOINT WARNING * * *
The sixfirhy hits you but does no damage.
You feel much better. You block the sixfirhy's attack. The sixfirhy hits you.
* * * LOW HITPOINT WARNING * * *
The sixfirhy shocks you!
* * * LOW HITPOINT WARNING * * *
As you read the scroll of teleportation, it crumbles to dust.
You feel strangely unstable. You block the orc sorcerer's attack.
You block the orc warrior's attack. You block the orc priest's attack.
You block the orc sorcerer's attack.
The orc warrior hits you but does no damage.
You block the sixfirhy's attack. The sixfirhy closely misses you.
You furiously retaliate!
You headbutt the sixfirhy, but do no damage.
You block the sixfirhy's attack. The sixfirhy hits you.
* * * LOW HITPOINT WARNING * * *
The sixfirhy shocks you!
You die...

.##..#.....##.............
............÷)............
..#.....#.)..).........#
...#.....#...).........#
................#..#...#
...................)...#
.......................#
.......................#
...<.......)#...@oo#...#
...........#.#..o3.o#).#
÷.....).).....#o##.#o).#
.)....)##..#.###.###)o.#
))....#.....###....##.## ###.
.....#......# #...ooooo# .....
...........##.##.#...o4#......
....)...............ooooooo.o.
...........##.##....o.ooooo...


You could see an orc knight, a sixfirhy (summoned), an orc sorcerer (strong), 3
orc warriors, an orc priest (strong) and an orc (strong).

Vanquished Creatures
  Rupert (D:13)
  Gastronok (D:8)
  4 acid blobs
  Agnes (D:14)
  A sphinx (D:14)
  A storm dragon (D:14)
  6 azure jellies
  An orc warlord (Orc:2)
  A minotaur (Gauntlet)
  A fire dragon (D:14)
  Josephine (D:13)
  3 great orbs of eyes
  3 catoblepae (Lair:6)
  3 centaur warriors
  5 boulder beetles
  7 hydras
  A hell beast (Gauntlet)
  4 two-headed ogres
  A death scarab (Gauntlet)
  3 tengu warriors
  A two-headed ogre (shapeshifter) (D:13)
  3 orc high priests (Orc:2)
  18 death yaks
  Urug (D:13)
  A fire crab (Gauntlet)
  2 skeletal warriors (D:15)
  3 unseen horrors
  A deep elf archer (D:13)
  A flayed ghost (D:15)
  A necromancer (D:15)
  4 orc knights
  A lindwurm (Lair:6)
  3 deep elf magi
  6 orc sorcerers
  An orb spider (Lair:2)
  2 oklob plants
  A frost giant skeleton (D:15)
  3 shining eyes
  2 cyclopes
  A moth of wrath (shapeshifter) (D:14)
  8 ugly things
  A water nymph (shapeshifter) (D:13)
  4 manticores
  10 cane toads
  3 elephants (Lair:6)
  4 gargoyles
  2 black mambas
  2 eyes of devastation
  6 rime drakes
  An efreet (D:15)
  A komodo dragon (shapeshifter) (D:14)
  A freezing wraith (D:14)
  4 komodo dragons
  A yaktaur zombie (D:15)
  2 tengu conjurers (D:14)
  A polar bear (Lair:4)
  A wolf spider simulacrum (D:13)
  5 trolls
  12 slime creatures
  A wind drake (shapeshifter) (D:14)
  18 blink frogs
  A spectral black mamba (Gauntlet)
  A dream sheep (Lair:6)
  A fire dragon zombie (D:15)
  6 wraiths
  A fire dragon skeleton (D:15)
  57 yaks
  Sigmund (D:5)
  A human (shapeshifter) (D:13)
  2 shadows
  2 humans (D:7)
  6 wyverns
  3 fire bats (Gauntlet)
  4 basilisks
  Grum (D:10)
  3 wargs
  A vampire mosquito (D:14)
  A warg (shapeshifter) (D:13)
  An acid dragon (D:11)
  11 water moccasins
  2 hell hounds (Gauntlet)
  Duvessa (D:5)
  2 sky beasts
  8 ice beasts
  24 orc warriors
  2 black bears
  A phantom (D:7)
  A boggart (D:13)
  7 ogres
  4 eyes of draining
  21 wolves
  6 centaurs
  21 bullfrogs
  A big kobold (D:11)
  2 gnoll sergeants
  Dowan (D:5)
  2 wyvern skeletons
  5 killer bees (D:9)
  4 scorpions
  11 wights
  3 howler monkeys (D:10)
  A bullfrog zombie (D:5)
  2 centaur zombies
  8 hounds
  6 jellies
  6 bullfrog skeletons
  8 orc priests
  32 orc wizards
  7 iguanas
  5 centaur skeletons
  Ijyb (D:5)
  Terence (D:3)
  11 worker ants
  4 big kobold zombies (Ossuary)
  A hound zombie (D:10)
  2 hound skeletons
  A mummy (Ossuary)
  Robin (D:2)
  A howler monkey zombie (D:7)
  21 adders
  11 gnolls
  2 shadow imps
  3 white imps
  2 ufetubi
  4 oozes
  2 dart slugs
  7 leopard geckos
  85 orcs
  3 spectral bats (Ossuary)
  4 ball pythons
  11 giant cockroaches
  8 gnoll zombies (Ossuary)
  11 hobgoblins
  14 jackals
  3 quokkas
  10 bats
  4 frilled lizards
  17 goblins
  6 goblin simulacra (Ossuary)
  3 goblin zombies (Ossuary)
  6 hobgoblin zombies (Ossuary)
  14 kobolds
  3 kobold simulacra (Ossuary)
  6 kobold zombies (Ossuary)
  3 orc zombies (Ossuary)
  A quokka skeleton (D:9)
  5 rats
  3 rat simulacra (Ossuary)
  3 spectral goblins (Ossuary)
  2 spectral kobolds (Ossuary)
  2 spectral rats (Ossuary)
803 creatures vanquished.

Vanquished Creatures (others)
  A bush (Lair:3)
  19 fungi
  27 plants
  3 withered plants (D:15)
50 creatures vanquished.

Grand Total: 853 creatures vanquished

Notes
Turn   | Place    | Note
-------+----------+-------------------------------------------
     0 | D:1      | nothank2 the Minotaur Berserker began the quest for the
                  | Orb.
     0 | D:1      | Reached XP level 1. HP: 19/19 MP: 0/0
   193 | D:1      | Reached skill level 4 in Long Blades
   193 | D:1      | Reached XP level 2. HP: 22/27 MP: 1/1
   610 | D:1      | Reached ** piety under Trog
   616 | D:1      | Reached XP level 3. HP: 33/33 MP: 2/2
  1388 | D:2      | Found a burning altar of Makhleb.
  1392 | D:2      | Reached XP level 4. HP: 37/41 MP: 3/3
  1583 | D:2      | Noticed Robin
  1587 | D:2      | Reached skill level 5 in Long Blades
  1590 | D:2      | Reached skill level 1 in Short Blades
  1614 | D:2      | Killed Robin
  1620 | D:2      | Reached XP level 5. HP: 5/47 MP: 4/4
  1992 | D:2      | Reached *** piety under Trog
  2768 | D:3      | Reached skill level 5 in Fighting
  2879 | D:3      | Noticed Terence
  2887 | D:3      | Killed Terence
  2888 | D:3      | Reached XP level 6. HP: 56/56 MP: 5/5
  3343 | D:3      | Found a bloodstained altar of Trog.
  3410 | D:4      | Found a staircase to the Ecumenical Temple.
  3506 | D:4      | Reached **** piety under Trog
  3688 | D:4      | Reached skill level 6 in Long Blades
  3749 | D:4      | You fall into a shaft and drop 2 floors!
  3758 | D:5      | Entered Level 5 of the Dungeon
  3792 | D:5      | Found the +8 demon blade "Leech" {vamp, *Rage +Rage rN+}
  3792 | D:5      | Found a sand-covered staircase.
  3800 | Ossuary  | Entered an ossuary
  4073 | Ossuary  | Reached ***** piety under Trog
  4313 | D:5      | Noticed Sigmund
  4316 | D:5      | Killed Sigmund
  4317 | D:5      | Reached skill level 7 in Long Blades
  4317 | D:5      | Reached XP level 7. HP: 53/62 MP: 6/6
  4490 | D:5      | Reached skill level 8 in Long Blades
  4525 | D:5      | Noticed Ijyb
  4546 | D:5      | Killed Ijyb
  4990 | D:4      | Reached XP level 8. HP: 57/70 MP: 7/7
  5399 | D:4      | Found a glowing silver altar of Zin.
  5718 | D:5      | Reached skill level 9 in Long Blades
  5796 | D:5      | Noticed Duvessa
  5796 | D:5      | Noticed Dowan
  5803 | D:5      | Killed Duvessa
  5804 | D:5      | Reached skill level 5 in Armour
  5804 | D:5      | Killed Dowan
  7004 | D:6      | Found a snail-covered altar of Cheibriados.
  7296 | D:7      | Reached skill level 10 in Long Blades
  7426 | D:7      | Received a gift from Trog
  7452 | D:7      | Reached XP level 9. HP: 79/79 MP: 8/8
  7506 | D:7      | Reached skill level 11 in Long Blades
  7632 | D:7      | Found an iron altar of Okawaru.
  7733 | D:8      | Noticed a two-headed ogre
  7741 | D:8      | Killed a two-headed ogre
  7742 | D:8      | Reached skill level 12 in Long Blades
  7754 | D:8      | Noticed Gastronok
  7769 | D:8      | Killed Gastronok
  7770 | D:8      | Reached skill level 13 in Long Blades
  7770 | D:8      | Reached skill level 1 in Throwing
  7770 | D:8      | Reached XP level 10. HP: 60/91 MP: 9/9
  8025 | D:8      | Found a flagged portal.
  8040 | Bailey   | Entered a bailey
  8116 | Bailey   | Noticed an orc knight
  8358 | Bailey   | Killed an orc knight
  8359 | Bailey   | Reached skill level 14 in Long Blades
  8740 | Bailey   | Reached skill level 1 in Shields
  9019 | D:8      | Found a sacrificial altar of Ru.
  9025 | D:8      | Found a bloodstained altar of Trog.
  9030 | D:8      | Found a glowing golden altar of the Shining One.
  9246 | D:9      | Found the +2 shield of Resistance {rF++ rC++ Will++}
  9344 | D:9      | Found Feqiefim's Gadget Boutique.
  9566 | D:9      | Noticed a two-headed ogre
  9578 | D:9      | Killed a two-headed ogre
  9579 | D:9      | Reached skill level 5 in Shields
  9579 | D:9      | Reached XP level 11. HP: 97/97 MP: 10/10
  9592 | D:9      | Received a gift from Trog
  9611 | D:9      | Found Ahuk's Serpentskin Sales.
  9816 | D:9      | Found a blossoming altar of Fedhas.
  9882 | D:10     | Entered Level 10 of the Dungeon
 10025 | D:10     | Noticed Grum
 10042 | D:10     | Killed Grum
 10153 | D:10     | Noticed a deep elf mage
 10160 | D:10     | Killed a deep elf mage
 10716 | D:11     | Reached skill level 10 in Armour
 10767 | D:11     | Reached ****** piety under Trog
 10783 | D:11     | Found a gate leading to a gauntlet.
 10787 | D:11     | Noticed a two-headed ogre
 10795 | D:11     | Killed a two-headed ogre
 10801 | Gauntlet | Entered a Gauntlet
 10801 | Gauntlet | Found a transporter.
 10801 | Gauntlet | Found a transporter.
 10801 | Gauntlet | Noticed a death scarab
 10810 | Gauntlet | Found a transporter.
 10831 | Gauntlet | Killed a death scarab
 10833 | Gauntlet | Found a transporter.
 10848 | Gauntlet | Noticed a hell beast
 10898 | Gauntlet | Found a transporter.
 10909 | Gauntlet | Killed a hell beast
 10921 | Gauntlet | Found a transporter.
 10922 | Gauntlet | Found a large runed translucent door.
 10922 | Gauntlet | Found a large runed translucent door.
 10923 | Gauntlet | Found a large runed translucent door.
 10923 | Gauntlet | Found a large runed translucent door.
 10928 | Gauntlet | Got a steaming silver ring
 10933 | Gauntlet | Found a runed translucent door.
 10933 | Gauntlet | Found a runed translucent door.
 10933 | Gauntlet | Found a large runed translucent door.
 10933 | Gauntlet | Found a large runed translucent door.
 10933 | Gauntlet | Found a large runed translucent door.
 10933 | Gauntlet | Found a large runed translucent door.
 10933 | Gauntlet | Found a large runed translucent door.
 10933 | Gauntlet | Found a large runed translucent door.
 10934 | Gauntlet | Found a large runed translucent door.
 10934 | Gauntlet | Found a large runed translucent door.
 10935 | Gauntlet | Found a large runed translucent door.
 10935 | Gauntlet | Found a large runed translucent door.
 10935 | Gauntlet | Found a large runed translucent door.
 10935 | Gauntlet | Found a large runed translucent door.
 10936 | Gauntlet | Noticed a fire crab
 10936 | Gauntlet | Found a runed translucent gate.
 10936 | Gauntlet | Found a runed translucent gate.
 10936 | Gauntlet | Found a runed translucent gate.
 10937 | Gauntlet | Found a transporter.
 10946 | Gauntlet | Reached skill level 10 in Shields
 10948 | Gauntlet | Killed a fire crab
 10973 | Gauntlet | Noticed a fire crab
 10975 | Gauntlet | Found a transporter.
 10990 | Gauntlet | Identified the cursed ring "Wapnosed" {Dex+2 Slay-4} (You
                  | found it in a Gauntlet)
 11048 | Gauntlet | Noticed a minotaur
 11061 | Gauntlet | Killed a minotaur
 11061 | Gauntlet | Received a gift from Trog
 11221 | D:11     | Reached XP level 12. HP: 105/105 MP: 11/11
 11453 | D:11     | Found a staircase to the Orcish Mines.
 11629 | D:11     | Found a staircase to the Lair.
 11740 | Lair:1   | Entered Level 1 of the Lair of Beasts
 12679 | Lair:2   | Found a hole to the Spider Nest.
 13013 | Lair:2   | Found a staircase to the Swamp.
 13238 | Lair:3   | Received a gift from Trog
 13247 | Lair:3   | Reached skill level 10 in Fighting
 13376 | Lair:3   | Noticed a death yak
 13377 | Lair:3   | Noticed a death yak
 13378 | Lair:3   | Noticed a death yak
 13378 | Lair:3   | Noticed a death yak
 13378 | Lair:3   | Noticed a death yak
 13400 | Lair:3   | Killed a death yak
 13410 | Lair:3   | Killed a death yak
 13417 | Lair:3   | Killed a death yak
 13420 | Lair:3   | Killed a death yak
 13425 | Lair:3   | Killed a death yak
 13674 | Lair:3   | Reached XP level 13. HP: 114/114 MP: 12/12
 14195 | Lair:4   | Reached skill level 15 in Long Blades
 14994 | Lair:5   | Reached skill level 15 in Shields
 15001 | Lair:5   | Received a gift from Trog
 15006 | Lair:5   | Got an ebony quick blade {god gift}
 15011 | Lair:5   | Identified the +3 quick blade "Wonuliru" {antimagic, rC+
                  | Str+2 Dex+2} (Trog gifted it to you on level 5 of the Lair
                  | of Beasts)
 15681 | Lair:6   | Entered Level 6 of the Lair of Beasts
 15774 | Lair:6   | Found a runed translucent door.
 15798 | Lair:6   | Found a viscous altar of Jiyva.
 15803 | Lair:6   | Found a staircase to the Slime Pits.
 15919 | Lair:6   | Found a broken altar of Ashenzari.
 16174 | Lair:6   | Reached XP level 14. HP: 126/126 MP: 13/13
 16261 | Lair:6   | Reached skill level 16 in Long Blades
 18422 | D:13     | Noticed Urug
 18432 | D:13     | Killed Urug
 18449 | D:13     | Found Bezoc's Antique Armour Shoppe.
 18456 | D:13     | Bought a heavily runed plate armour for 868 gold pieces
 18466 | D:13     | Identified the cursed +0 plate armour of Theory {Int+5}
                  | (You bought it in a shop on level 13 of the Dungeon)
 18574 | D:13     | Found Xits's Jewellery Shop.
 18588 | D:13     | Bought an uncursed ring of poison resistance for 240 gold
                  | pieces
 18618 | D:13     | Noticed Josephine
 18628 | D:13     | Killed Josephine
 18642 | D:13     | Received a gift from Trog
 18936 | D:13     | Found a blossoming altar of Fedhas.
 18995 | D:13     | Identified the ring of Tutwum {rN+ Stlth+}
 18996 | D:13     | Identified the amulet of Jouzygro {RegenMP +Inv rPois MP+9}
 18997 | D:13     | Found a runed translucent door.
 19070 | D:13     | Reached skill level 17 in Long Blades
 19070 | D:13     | Identified the ring "Axzysog" {rN+ Slay+3}
 19098 | D:13     | Got a transparent amber ring
 19309 | D:13     | Noticed Rupert
 19330 | D:13     | Killed Rupert
 19517 | D:13     | Found Bexawk's Antique Weapon Shoppe.
 19527 | D:13     | Bought an ichor-stained morningstar for 297 gold pieces
 19527 | D:13     | Identified the +4 morningstar of the Pit {vorpal, +Fly rN+
                  | Int+2 Stlth-} (You bought it in a shop on level 13 of the
                  | Dungeon)
 19535 | D:13     | Found Urack's Armour Emporium.
 19609 | D:13     | Found Kowuffeu's Jewellery Boutique.
 19691 | D:14     | Found a burning altar of Makhleb.
 19711 | D:14     | Reached XP level 15. HP: 138/138 MP: 14/14
 19746 | D:14     | Found a gate to the Vaults.
 19761 | D:14     | Found Livywet's Armour Shop.
 19773 | D:14     | Received a gift from Trog
 19820 | D:14     | Found Cyisoc's Magic Scroll Emporium.
 19830 | D:14     | Bought a scroll of enchant armour for 112 gold pieces
 19959 | D:14     | Noticed Agnes
 19966 | D:14     | Killed Agnes
 19973 | D:14     | Reached skill level 5 in Throwing
 20018 | D:14     | Noticed a storm dragon
 20018 | D:14     | Noticed a sphinx
 20026 | D:14     | Killed a sphinx
 20032 | D:14     | Killed a storm dragon
 20212 | D:14     | Got a translucent rapier
 20213 | D:14     | Identified the +6 rapier "Qovez" {freeze, *Slow Int+4
                  | Dex+5} (You found it on level 14 of the Dungeon)
 20262 | D:14     | Found Qautt's General Store.
 20578 | D:15     | Entered Level 15 of the Dungeon
 20581 | D:15     | Found a staircase to the Depths.
 20638 | D:15     | Reached skill level 15 in Fighting
 20680 | D:15     | Received a gift from Trog
 20980 | D:15     | Found Tiant's Jewellery Shop.
 21045 | D:15     | Found Doisaff's Gadget Boutique.
 21063 | D:15     | Identified the ring "Uppen" {rPois Str-4 Dex+4 Stlth+} (You
                  | found it on level 13 of the Dungeon)
 21081 | D:15     | Found Guyf's Magic Scroll Shop.
 21088 | D:15     | Bought a scroll of enchant armour for 135 gold pieces
 21168 | D:15     | Found Hirof's Magic Scroll Shoppe.
 21189 | D:15     | Bought a scroll of enchant weapon for 105 gold pieces
 21255 | D:15     | Found Toub's Armour Shoppe.
 21711 | Slime:1  | Entered Level 1 of the Pits of Slime
 21713 | Slime:1  | Noticed an azure jelly
 21715 | Slime:1  | Found a viscous altar of Jiyva.
 21715 | Slime:1  | Noticed an azure jelly
 21722 | Slime:1  | Noticed an azure jelly
 21722 | Slime:1  | Noticed an azure jelly
 21723 | Slime:1  | Killed an azure jelly
 21733 | Slime:1  | Killed an azure jelly
 21737 | Slime:1  | Killed an azure jelly
 21743 | Slime:1  | Killed an azure jelly
 21768 | Slime:1  | Noticed an acid blob
 21776 | Slime:1  | Killed an acid blob
 21777 | Slime:1  | Reached skill level 18 in Long Blades
 22691 | Slime:4  | Noticed an acid blob
 22701 | Slime:4  | Killed an acid blob
 22762 | Slime:4  | Gained mutation: Your body sometimes deteriorates upon
                  | taking damage. [a shining eye]
 22764 | Slime:4  | Reached XP level 16. HP: 149/149 MP: 15/15
 23031 | Slime:5  | Entered Level 5 of the Pits of Slime
 23039 | Slime:5  | Noticed an acid blob
 23044 | Slime:5  | Noticed an acid blob
 23047 | Slime:5  | Killed an acid blob
 23047 | Slime:5  | Received a gift from Trog
 23048 | Slime:5  | Reached skill level 15 in Armour
 23058 | Slime:5  | Reached skill level 5 in Dodging
 23067 | Slime:5  | Killed an acid blob
 23070 | Slime:5  | Gained mutation: You are clumsy. (Dex -2) [a shining eye]
 23400 | Orc:1    | Entered Level 1 of the Orcish Mines
 23877 | Orc:2    | Entered Level 2 of the Orcish Mines
 23948 | Orc:2    | Found a staircase to the Elven Halls.
 24047 | Orc:2    | Received a gift from Trog
 24252 | Orc:2    | HP: 3/151 [sixfirhy[an orc sorcerer] (12)]
 24255 | Orc:2    | Slain by a sixfirhy

Illustrated notes

Levels and vault maps discovered:
D:1:      dpeg_arrival_round_b, layout_loops_corners, minmay_pentomino_q4
D:2:      layout_loops_corners, makhleb_heckhound_becter,
          grunt_decor_one_mirror, uniq_robin
D:3:      layout_loops_cross, trog_book, uniq_terence
D:4:      minmay_spotlight, layout_gridville, zin_treasury,
          minmay_temple_entry_mist, lightli_minifort
D:5:      minmay_bubble_buster, layout_gridville, chequers_ossuary_entry_cave,
          uniq_sigmund, uniq_duvessa, uniq_ijyb
D:6:      layout_basic, marbit_many_paths
D:7:      layout_rooms, okawaru_humans
D:8:      layout_rooms, minmay_overflow_temple_star_quad, enter_bailey_2,
          uniq_gastronok
D:9:      layout_loops_cross, serial_shops, nicolae_shop_window_shopping,
          basic_altar, grunt_ministairs_1, guppyfry_shop_venom
D:10:     layout_long_grid, amethyst_killhole, minivault_23, uniq_grum
D:11:     layout_basic, david_lair_shrubbed, david_orc_2,
          gauntlet_entry_generic, grunt_ministairs_5
D:12:     layout_stronghold, minivault_1
D:13:     minmay_the_grid_triangle_9x9_recursive_3
          [minmay_the_grid_triangle_9x9_checkered,
          minmay_the_grid_triangle_9x9_shrine,
          minmay_the_grid_triangle_9x9_subtriangle,
          minmay_the_grid_triangle_9x9_prize_special,
          minmay_the_grid_triangle_9x9_negative_grid,
          minmay_the_grid_triangle_9x9_cache,
          minmay_the_grid_triangle_9x9_zippers_vertical,
          minmay_the_grid_triangle_9x9_warning,
          minmay_the_grid_triangle_9x9_limited_checkers], layout_irregular_city,
          serial_shops, shop_statue, shop, kennysheep_little_box, shop,
          nicolae_shop_overgrown_old_shop, uniq_urug, uniq_rupert,
          uniq_josephine
D:14:     minmay_shrinking_squares, layout_irregular_city, david_vaults_2,
          lemuel_statue_altar, serial_shops, shop, shop, shop,
          kennysheep_path_1, uniq_agnes
D:15:     gammafunk_depths_entry_grave, layout_rooms, serial_shops,
          nicolae_shop_crystal, nicolae_shop_stone, shop, shop, shop,
          hex_medium, roderic_serpentine_path
Lair:1:   layout_gridlike
Lair:2:   layout_roguey, minmay_swamp_entry_worms,
          nicolae_spider_entry_orb_guardian, minivault_25
Lair:3:   layout_chaotic_city
Lair:4:   layout_roguey, grunt_megastairs_5
Lair:5:   layout_gridlike
Lair:6:   evilmike_catoblepas_cave, layout_layer_cave, slime_altar_2,
          st_stairs_5, lemuel_oklob_altar, infiniplex_staircase_pool_2
Slime:1:  layout_caves, basic_altar
Slime:2:  layout_caves, nicolae_slime_barrier
Slime:3:  layout_caves, uniq_dissolution
Slime:4:  layout_caves
Slime:5
Orc:1:    layout_diamond_mine, serial_shops, shop, mines2_lemuel
Orc:2:    st_orc_congregation, layout_caves, mines4_lemuel

Skill      XL: |  1  2  3  4  5  6  7  8  9 10 11 12 13 14 15 16 |
---------------+-------------------------------------------------+-----
Long Blades    | 4 5 7 8 10 13 14 15 17 18 | 18.5
Fighting       | 4 5 6 7 9 10 12 14 15 16 | 16.0
Dodging        | 3 4 5 |  5.8
Short Blades   | 1 2 |  2.0
Armour         | 3 4 6 7 9 10 12 14 15 | 15.2
Throwing       | 1 4 6 7 |  7.5
Shields        | 5 11 14 16 | 16.0
Evocations     | |  0.3

Action                   |  1- 3 |  4- 6 |  7- 9 | 10-12 | 13-15 | 16-18 || total
-------------------------+-------+-------+-------+-------+-------+-------++-------
Melee: Falchion          |    15 |   152 |   101 |       |       |       ||   268
       Headbutt          |     9 |    45 |    50 |   139 |   270 |    70 ||   583
       Dagger            |    51 |    59 |       |       |       |       ||   110
       Demon blade       |       |       |    73 |   517 |   828 |   272 ||  1690
       Spear             |       |       |       |     9 |       |       ||     9
       Scimitar          |       |       |       |       |    52 |       ||    52
       Rapier            |       |       |       |       |    25 |       ||    25
Throw: Boomerang         |       |       |     3 |    24 |     2 |       ||    29
Invok: Berserk           |       |       |     1 |     2 |     4 |       ||     7
Evoke: Wand              |       |       |     1 |     1 |       |       ||     2
  Use: Scroll            |     3 |     6 |    13 |    11 |    16 |     1 ||    50
       Potion            |       |       |       |     2 |     1 |     1 ||     4
 Stab: Sleeping          |     1 |     2 |       |       |       |       ||     3
       Petrified         |       |       |       |       |     7 |       ||     7
       Petrifying        |       |       |       |       |     2 |       ||     2
Armor: Animal skin       |    13 |       |       |       |       |       ||    13
       Scale mail        |       |    23 |       |       |       |       ||    23
       Leather armour    |       |    14 |       |    10 |       |       ||    24
       Ring mail         |       |    36 |    58 |    42 |       |       ||   136
       Plate armour      |       |       |       |   129 |   314 |   124 ||   567
Dodge: Dodged            |    44 |   127 |    90 |   162 |   183 |    69 ||   675
Block: Kite shield       |       |       |       |   253 |   528 |   209 ||   990
       Rpst.: Falchion   |     2 |    25 |    13 |       |       |       ||    40
       Demon blade       |       |       |     5 |    35 |    28 |    13 ||    81
       Scimitar          |       |       |       |       |     5 |       ||     5
